 Dungeon Crawl Stone Soup version 0.30-a0-715-gdb4ae3ece1 (webtiles) character file.

Game seed: 13262137085879656113

5 Leeroy the Slasher (level 1, 0/12 HPs)
             Began as a Tengu Warper on Jan 24, 2023.
             Slain by a gnoll
             ... wielding a +0 whip
              (4 damage)
             ... on level 1 of the Dungeon.
             The game lasted 00:00:16 (80 turns).

Leeroy the Slasher (Tengu Warper)                     Turns: 80, Time: 00:00:17

Health: 0/12       AC:  3    Str: 11    XL:     1   Next: 80%
Magic:  4/4        EV: 11    Int: 13    God:
Gold:   0          SH:  0    Dex: 13    Spells: 4/4 levels left

rFire   . . .      SeeInvis .    a - +0 falchion
rCold   . . .      Faith    .    (no shield)
rNeg    . . .      Spirit   .    b - +0 leather armour
rPois   .          Reflect  .    (helmet restricted)
rElec   .          Harm     .    (no cloak)
rCorr   .          Rampage  .    (no gloves)
Will    .....                    (boots unavailable)
Stlth   +                        (no amulet)
HPRegen 0.22/turn                (no ring)
MPRegen 0.09/turn                (no ring)

@: no status effects
A: beak, talons 3
a: no special abilities


You were on level 1 of the Dungeon.
You visited 1 branch of the dungeon, and saw 1 of its levels.

Inventory:

Hand Weapons
 a - a +0 falchion (weapon)
Missiles
 d - 7 boomerangs of dispersal (quivered)
Armour
 b - a +0 leather armour (worn)
Scrolls
 c - a scroll of blinking
Potions
 e - 3 potions of might {unknown}


   Skills:
 - Level 2.0 Fighting
 + Level 2.8 Long Blades
 - Level 1.0 Throwing
 - Level 1.1 Armour
 - Level 2.1 Dodging
 - Level 2.0 Spellcasting
 - Level 2.4 Translocations


You had 4 spell levels left.
You didn't know any spells.
Your spell library contained the following spells:

 Spells                   Type           Power      Damage    Failure   Level
 Blink                    Tloc           14%        N/A       19%         2
 Lesser Beckoning         Tloc           14%        N/A       19%         2
 Teleport Other           Tloc           7%         N/A       36%         3
 Vhi's Electric Charge    Tloc/Air       8%         N/A       52%         3
 Manifold Assault         Tloc           7%         N/A       77%         4


Dungeon Overview and Level Annotations

Branches:
Dungeon (1/15)

Altars:


Innate Abilities, Weirdness & Mutations

You have a beak for a mouth.
You have claws for feet.


Message History

You see here 2 emerald potions.
You barely miss the bat. The bat hits you.
You hit the rat.
You kill the rat!
The bat misses you. The bat hits you but does no damage.
You hit the bat.
The bat is moderately wounded.
The bat hits you but does no damage. x2
You hit the bat. Your kick misses the bat.
The bat is severely wounded.
The bat hits you but does no damage.
You miss the bat. Your kick misses the bat. Your peck misses the bat.
The bat is severely wounded.
The bat hits you but does no damage.
e - 3 emerald potions (gained 2)
The bat hits you but does no damage. The bat closely misses you.
The bat completely misses you.
You barely miss the bat. You claw the bat.
You kill the bat!
HP restored.
You see here a bat corpse.
You see here a rat corpse.
You see here a rat corpse.
A gnoll comes into view. It is wielding a +0 whip.
The gnoll moves out of view.
Found 4 stones.
You see here 5 gold pieces.
A gnoll is nearby!
You closely miss the gnoll. The gnoll hits you with a +0 whip.
You slash the gnoll!
The gnoll is heavily wounded.
The gnoll misses you. The gnoll hits you with a +0 whip.
You are too injured to fight recklessly!
You are too injured to fight recklessly!
You are too injured to fight recklessly!
You are too injured to fight recklessly!
You barely miss the gnoll. You claw the gnoll, but do no damage.
The gnoll is heavily wounded.
The gnoll hits you with a +0 whip.
You die...

### (.. #.# #.#
#####.# ...###
##.....# #
..##..
..###.###≈##
#.##.#
#.##.$.@g~.#
##.##.#
#.#...##.~..#
##.##.#
#...#....~...#
≈#.##.#
#...#####≈##...
♣#....####)..#
≈# ##
.'...†.††.†..#
≈#
♣#.##...#....#
#
≈#.....##....#
##.##..##.####


You could see a gnoll.

Vanquished Creatures
  3 bats (D:1)
  A kobold (D:1)
  2 rats (D:1)
6 creatures vanquished.

Notes
Turn   | Place    | Note
-------+----------+-------------------------------------------
     0 | D:1      | Leeroy the Tengu Warper began the quest for the Orb.
     0 | D:1      | Reached XP level 1. HP: 12/12 MP: 4/4
    80 | D:1      | Slain by a gnoll

Illustrated notes

Levels and vault maps discovered:
D:1:      saegor_arrival_simple_d, layout_basic, chequers_serial_rivers_micro_a,
          hangedman_abyss_or_decor_stabs

Action                     || total
---------------------------++-------
  Melee: Falchion          ||    16
         Kick              ||     2
 Armour: Leather armour    ||    11
  Dodge: Dodged            ||    19

Table legend: (Time is in decaauts)
 A = Elapsed time spent in this place.
 B = Non-inter-level travel time spent in this place.
 C = Inter-level travel time spent in this place.
 D = Time resting spent in this place.
 E = Time spent auto-exploring this place.
 F = Levels seen in this place.
 G = Mean time per level.
                   A        B        C        D        E       F      G
               +--------+--------+--------+--------+--------+-----+--------+
         Total |     82 |     82 |      0 |      0 |     48 |   1 |   82.0 |
       Dungeon |     82 |     82 |      0 |      0 |     48 |   1 |   82.0 |
               +--------+--------+--------+--------+--------+-----+--------+

Top non-repeatable levels by time:
     D:1: 82 daAuts
